Map: Rhoskallian LE

Players

Бирсиаль

  • Race: Protoss Protoss
  • League: Platinum
  • Spawn Location: 12:00

KzFantomKz

  • Race: Protoss Protoss
  • League: Platinum
  • Spawn Location: 11:00

Massa - Winner!

  • Race: Terran Terran
  • League: Gold
  • Spawn Location: 5:00

qqq - Winner!

  • Race: Protoss Protoss
  • Spawn Location: 6:00

VOD

Have the link to the VOD?

Description

Time

  • Played on: July 18, 2020, 9:22 a.m.
  • Length: 14:14
Show
View Real Time Build Order
Export as new Build Order

Бирсиаль Protoss 

Build Orders:  

Get SALT Encoding   

  12  0:01  Probe  
  13  0:27  Probe  
  13  0:30  Pylon  
  14  0:35  Probe, Assimilator  
  14  0:40  Assimilator  
  15  0:56  Gateway  
  15  1:06  Probe, Gateway  
  16  1:14  Probe  
  17  1:23  Probe  
  18  1:43  Probe  
  19  1:50  Cybernetics Core  
  19  1:55  Probe  
  19  1:58  Zealot  
  22  2:05  Pylon  
  22  2:23  Zealot  
  22  2:28  Pylon  
  22  2:29  Stalker  
  26  2:31  Warp Gate  
  26  2:47  Pylon  
  26  2:50  Stalker  
  28  3:07  Stalker  
  30  3:14  Stalker  
  32  3:37  Stalker  
  32  3:40  Stalker  
  36  4:11  Sentry  
  36  4:25  Stalker  
  38  4:33  Gateway  
  38  4:34  Gateway  
  38  4:35  Gateway  
  38  4:48  Twilight Council  
  38  4:54  Stalker  
  38  4:55  Stalker  
  42  5:07  Probe  
  42  5:12  Pylon  
  43  5:19  Probe  
  42  5:42  Stalker x5  
  52  5:50  Dark Shrine  
  52  6:15  Zealot  
  54  7:10  Pylon  
  54  7:12  Pylon  
  54  7:16  Pylon  
  54  7:18  Pylon  
  54  7:35  Pylon  
  54  7:37  Pylon, Stalker x3  
  54  7:38  Stalker  
  54  7:42  Stalker  
  38  8:15  Stalker x4  
  38  8:18  Stalker  
  30  8:58  Templar Archives  
  30  9:05  Stalker  
  30  9:06  Stalker x2  
  30  9:09  Stalker x2  
  40  9:39  Psionic Storm  
  40  9:52  High Templar  
  42  10:08  Nexus  
  42  10:29  Assimilator  
  42  10:33  Assimilator  
  42  10:37  High Templar  
  32  11:10  Probe  
  33  11:18  Probe  
  34  11:26  Probe  
  35  11:37  Probe  
  36  12:04  Probe  
  37  12:13  Dark Templar x2  
  37  12:14  Dark Templar  
  43  12:16  Probe  
  44  12:28  Probe  
  43  12:41  Probe  
  43  12:42  Stalker x2  
  48  12:51  Probe, Dark Templar x2  
  48  12:52  Dark Templar  
  55  12:59  Probe  
  56  13:08  Probe  
  57  13:16  High Templar  
  33  13:54  Stalker  
  33  13:55  Stalker x2  
  39  13:57  Stalker  
  39  13:58  Stalker  
Show
View Real Time Build Order
Export as new Build Order

KzFantomKz Protoss 

Build Orders:  

Get SALT Encoding   

  1  0:00  Probe  
  13  0:08  Probe  
  14  0:21  Pylon  
  14  0:29  Probe  
  15  0:39  Gateway  
  15  0:43  Assimilator  
  15  0:52  Probe  
  16  1:02  Probe  
  16  1:10  Probe  
  18  1:18  Probe  
  19  1:31  Cybernetics Core  
  19  1:33  Gateway  
  19  1:38  Pylon  
  19  2:01  Assimilator  
  19  2:11  Zealot  
  19  2:14  Probe, Warp Gate  
  19  2:15  Nexus  
  22  2:23  Probe  
  22  2:39  Stalker  
  22  2:41  Shield Battery, Pylon  
  22  2:43  Shield Battery  
  24  2:52  Probe  
  24  2:56  Twilight Council  
  25  3:04  Probe  
  26  3:12  Stalker  
  28  3:26  Stalker  
  30  4:01  Pylon  
  28  4:04  Pylon  
  28  4:05  Pylon, Dark Shrine  
  28  4:10  Gateway  
  28  4:11  Gateway  
  28  4:28  Shield Battery  
  28  4:31  Shield Battery  
  28  4:33  Shield Battery  
  28  4:35  Shield Battery  
  28  4:38  Shield Battery  
  28  4:58  Nexus  
  28  5:04  Robotics Facility  
  24  5:45  Shield Battery, Warp Prism  
  24  5:49  Shield Battery  
  24  5:50  Shield Battery  
  24  5:55  Pylon  
  26  6:00  Pylon  
  26  6:06  Probe  
  27  6:14  Probe  
  27  6:24  Probe  
  28  6:31  Probe  
  29  6:36  Probe  
  29  6:39  Probe  
  32  6:48  Probe  
  32  6:49  Probe  
  34  6:58  Dark Templar x4  
  34  7:01  Probe  
  43  7:13  Probe  
  34  7:30  Pylon  
  34  7:32  Pylon  
  34  7:35  Pylon, Dark Templar x3  
  40  7:49  Stalker  
  34  8:09  Stalker  
  34  8:10  Stalker x2  
  40  8:19  Shield Battery  
  38  8:20  Probe  
  38  8:22  Shield Battery, Forge  
  39  8:28  Probe  
  39  8:31  Stalker  
  39  8:34  Stalker  
  44  8:38  Probe  
  41  8:41  Stalker  
  41  8:46  Probe  
  43  8:53  Assimilator  
  43  8:54  Probe  
  43  8:55  Warp Prism  
  44  8:57  Assimilator  
  44  9:00  Photon Cannon  
  47  9:04  Probe, Photon Cannon  
  47  9:08  Pylon  
  48  9:14  Dark Templar  
  50  9:30  Photon Cannon  
  50  9:34  Dark Templar  
  50  9:35  Photon Cannon  
  50  9:38  Archon  
  52  9:43  Dark Templar  
  54  9:54  Dark Templar  
  56  10:09  Archon  
  56  10:10  Dark Templar  
  58  10:26  Nexus  
  58  10:29  Pylon  
  58  10:31  Pylon  
  58  10:35  Dark Templar  
  58  10:36  Dark Templar  
  58  10:40  Archon  
  54  11:09  Dark Templar x2  
  58  11:14  Archon  
  58  11:15  Dark Templar x2  
  48  12:07  Dark Templar x2  
  51  12:21  Archon x2  
  51  12:31  Nexus  
  51  12:35  Pylon  
  51  12:42  Dark Templar x2  
  55  12:44  Zealot x2  
  59  12:53  Probe  
  60  13:01  Probe  
  60  13:02  Probe  
  61  13:07  Archon  
  61  13:11  Probe  
  62  13:14  Probe  
  64  13:22  Zealot x2  
  64  13:25  Zealot  
Show
View Real Time Build Order
Export as new Build Order

Massa Terran - Winner!

Build Orders:  

Get SALT Encoding   

  12  0:02  SCV  
  13  0:14  SCV  
  14  0:26  SCV  
  15  0:29  Supply Depot  
  15  0:34  Refinery  
  15  0:50  SCV  
  15  0:56  Barracks  
  16  1:03  SCV  
  17  1:15  SCV  
  18  1:24  Barracks  
  18  1:32  SCV  
  19  1:44  SCV  
  19  1:46  Barracks  
  19  1:47  Barracks Tech Lab  
  20  1:56  Orbital Command  
  20  2:05  Marauder  
  22  2:32  Supply Depot  
  22  2:35  Marine  
  22  2:36  Marauder  
  25  2:42  Concussive Shells  
  25  2:53  Marine  
  25  2:54  Marine  
  25  2:58  Marauder  
  29  3:01  Command Center  
  29  3:19  Marauder  
  31  3:20  Bunker  
  31  3:25  Marine  
  31  3:41  Marauder  
  32  3:43  Marine  
  29  3:58  Marine  
  29  4:01  Marine  
  29  4:02  Marauder  
  33  4:06  SCV  
  34  4:14  SCV  
  35  4:18  SCV  
  35  4:23  Marauder  
  37  4:26  SCV  
  37  4:30  SCV  
  37  4:31  Marine x2  
  41  4:38  SCV  
  41  4:42  SCV  
  41  4:45  Marauder  
  45  4:51  SCV  
  45  4:52  Stimpack  
  46  4:53  Barracks Reactor  
  46  4:55  SCV  
  47  5:03  SCV  
  47  5:06  Marauder  
  47  5:07  SCV  
  48  5:27  Marauder  
  46  5:37  Marine x3  
  46  5:42  Command Center  
  49  5:47  Orbital Command, Engineering Bay  
  49  5:49  Marauder  
  51  5:55  Marine x3  
  54  6:04  Factory  
  54  6:06  Barracks  
  54  6:13  Refinery  
  54  6:17  Missile Turret  
  54  6:23  Missile Turret  
  54  6:26  Supply Depot  
  54  6:32  Supply Depot  
  54  6:33  Supply Depot  
  54  6:34  Supply Depot  
  54  6:35  Combat Shield  
  54  6:38  Missile Turret  
  54  6:45  Missile Turret  
  54  6:47  Marine  
  55  6:56  Supply Depot  
  55  6:58  Missile Turret  
  55  7:05  Marine  
  56  7:27  SCV x2  
  58  7:30  Factory Tech Lab  
  58  7:32  Barracks Tech Lab  
  58  7:39  SCV x2  
  58  7:41  Starport  
  60  7:45  Starport  
  60  7:49  Marauder, Marine x3  
  60  7:50  Marine  
  66  7:51  SCV x2  
  64  8:07  Marine x3  
  64  8:08  Marine  
  64  8:11  Marauder  
  69  8:25  Marine x3  
  69  8:26  Marauder  
  71  8:32  Marauder  
  63  8:47  Marauder  
  62  8:49  Marine x3  
  62  8:53  Marauder  
  62  8:54  Medivac  
  69  9:06  Refinery  
  69  9:07  SCV x2, Marine x3  
  69  9:09  Marauder  
  76  9:13  Orbital Command  
  76  9:15  Marauder  
  78  9:19  SCV x2  
  80  9:25  Refinery, Marine x3  
  80  9:30  Marauder  
  80  9:31  SCV x2  
  86  9:33  Siege Tank  
  86  9:36  Marauder  
  92  9:42  SCV  
  92  9:43  SCV x2  
  95  9:47  Medivac x2  
  95  9:51  Marauder  
  101  9:55  SCV x2  
  101  9:56  SCV  
  101  9:57  Marauder  
  106  10:00  Terran Infantry Weapons Level 1  
  106  10:06  Engineering Bay  
  106  10:07  SCV x2  
  107  10:08  SCV  
  107  10:10  Refinery  
  109  10:21  Supply Depot  
  109  10:24  Command Center  
  109  10:30  Supply Depot  
  109  10:42  Medivac x2  
  109  10:43  SCV x3  
  109  10:44  Supply Depot  
  116  10:51  Supply Depot x2  
  116  10:52  Marauder  
  116  10:54  Supply Depot  
  116  10:55  SCV  
  119  11:06  Supply Depot  
  121  11:11  Marauder  
  121  11:12  Marine x3  
  121  11:14  Marauder, Supply Depot  
  121  11:16  Supply Depot  
  121  11:17  Supply Depot  
  126  11:29  Marine x2  
  126  11:30  Marine  
  131  11:33  Marauder  
  131  11:35  Marauder  
  131  11:38  Supply Depot  
  131  11:39  Supply Depot  
  133  11:54  Marauder  
  133  11:56  Marauder  
  117  12:04  Supply Depot x2  
  119  12:15  Marauder  
  118  12:29  Supply Depot  
  108  12:44  Medivac x2  
  108  12:47  Siege Tank  
  115  12:57  Orbital Command  
  115  12:58  SCV x2  
  115  12:59  SCV  
  118  13:10  SCV x2  
  118  13:11  SCV  
  121  13:14  Medivac  
  121  13:19  Siege Tank  
  126  13:22  SCV  
  126  13:23  SCV  
Show
View Real Time Build Order
Export as new Build Order

qqq Protoss - Winner!

Build Orders: Nexus First, Carriers 

Get SALT Encoding   

  12  0:04  Probe  
  13  0:24  Pylon  
  13  0:30  Probe  
  14  0:53  Nexus  
  14  0:56  Probe  
  15  1:10  Gateway  
  15  1:20  Probe, Pylon  
  16  1:32  Probe  
  17  1:34  Assimilator  
  17  1:44  Probe  
  18  1:57  Probe  
  19  2:05  Cybernetics Core  
  19  2:08  Forge  
  19  2:09  Probe  
  19  2:12  Assimilator  
  19  2:13  Probe  
  22  2:22  Probe  
  22  2:26  Probe  
  23  2:34  Probe  
  24  2:38  Probe, Zealot  
  27  2:51  Probe  
  28  2:54  Probe  
  29  3:03  Stargate  
  29  3:07  Probe  
  29  3:12  Pylon  
  30  3:19  Probe  
  31  3:21  Pylon  
  31  3:23  Stalker  
  31  3:31  Probe  
  34  3:43  Probe  
  35  3:55  Probe  
  36  4:01  Phoenix  
  38  4:04  Stargate  
  38  4:07  Probe  
  39  4:12  Assimilator  
  39  4:17  Photon Cannon, Assimilator  
  39  4:19  Probe  
  39  4:22  Photon Cannon  
  40  4:24  Photon Cannon  
  40  4:31  Probe  
  40  4:32  Photon Cannon  
  40  4:35  Phoenix  
  43  4:43  Probe  
  44  4:49  Phoenix  
  46  4:55  Probe  
  47  5:01  Phoenix  
  47  5:02  Protoss Air Weapons Level 1  
  49  5:08  Probe  
  50  5:20  Probe  
  51  5:24  Robotics Facility  
  49  5:32  Probe  
  50  5:39  Nexus  
  50  5:40  Phoenix  
  50  5:41  Phoenix  
  54  5:51  Probe  
  54  5:53  Photon Cannon  
  55  6:02  Photon Cannon  
  55  6:04  Probe  
  56  6:13  Observer  
  56  6:16  Probe  
  56  6:18  Phoenix  
  60  6:19  Phoenix  
  62  6:29  Pylon  
  62  6:47  Probe, Phoenix  
  62  6:52  Fleet Beacon  
  65  6:56  Pylon  
  65  6:59  Probe  
  65  7:00  Phoenix  
  68  7:02  Probe  
  69  7:10  Pylon  
  69  7:12  Phoenix  
  69  7:14  Probe  
  72  7:20  Pylon  
  72  7:27  Probe  
  73  7:33  Phoenix  
  75  7:37  Phoenix  
  75  7:39  Probe  
  75  7:40  Anion Pulse-Crystals  
  75  7:41  Protoss Air Armor Level 1  
  75  7:43  Observer  
  79  7:51  Probe  
  80  7:58  Phoenix  
  80  8:02  Phoenix  
  80  8:03  Probe  
  83  8:15  Probe  
  80  8:27  Probe  
  80  8:30  Phoenix x2  
  83  8:39  Probe  
  84  8:54  Phoenix  
  84  8:55  Phoenix  
  88  8:57  Assimilator  
  88  9:01  Assimilator  
  88  9:03  Stargate  
  88  9:19  Phoenix  
  88  9:20  Phoenix  
  92  9:25  Probe  
  92  9:26  Nexus  
  93  9:37  Probe  
  94  9:44  Phoenix  
  94  9:45  Carrier  
  102  9:49  Probe  
  103  9:55  Nexus  
  103  9:57  Photon Cannon  
  103  9:59  Photon Cannon  
  103  10:01  Probe, Photon Cannon  
  103  10:02  Shield Battery  
  103  10:04  Pylon  
  104  10:07  Pylon  
  104  10:09  Phoenix, Pylon  
  104  10:13  Probe  
  107  10:24  Pylon  
  107  10:25  Probe  
  108  10:35  Carrier, Nexus  
  114  10:38  Probe  
  115  10:49  Carrier  
  121  10:50  Probe  
  121  10:52  Pylon  
  104  11:03  Pylon  
  87  11:09  Carrier  
  87  11:13  Pylon  
  87  11:19  Probe x2  
  89  11:31  Probe x2  
  91  11:38  Twilight Council  
  91  11:39  Carrier  
  97  11:40  Pylon  
  97  11:43  Probe x2, Pylon  
  99  11:48  Protoss Air Weapons Level 2  
  99  11:53  Carrier  
  105  11:55  Probe x2  
  105  11:58  Photon Cannon  
  107  12:13  Carrier  
  113  12:26  Observer  
  114  12:35  Dark Shrine  
  122  12:40  Probe x2  
  122  12:43  Carrier  
  130  12:44  Assimilator  
  130  12:47  Assimilator  
  130  12:48  Assimilator  
  130  12:50  Assimilator  
  130  12:52  Probe x2  
  130  12:58  Carrier  
  138  13:04  Probe x2  
  140  13:16  Probe  
  140  13:17  Probe  
  148  13:29  Probe  
Tags
 
Add a new tag
Caveats
  • Supply blocks, unpowered buildings, or Contaminate may cause inaccurate times.
  • Supply counts are checked every 10 seconds.